 Dungeon Crawl Stone Soup version 0.29-a0-909-g30c7767f5c (webtiles) character file.

Game seed: 17486428793953227118

169 Destapler the Trooper (level 5, 0/47 HPs)
             Began as a Minotaur Fighter on July 25, 2022.
             Was an Initiate of Gozag.
             Killed by nerve-wracking pain
             ... invoked by an orc priest
              (13 damage)
             ... on level 4 of the Dungeon.
             The game lasted 00:04:57 (2948 turns).

Destapler the Trooper (Minotaur Fighter)            Turns: 2948, Time: 00:04:58

Health: 0/47       AC:  9    Str: 23    XL:     5   Next: 25%
Magic:  4/4        EV:  9    Int:  5    God:    Gozag
Gold:   461        SH:  4    Dex:  9    Spells: 4/4 levels left

rFire   . . .      SeeInvis +   a - +0 flail
rCold   + . .      Faith    .   c - +0 buckler
rNeg    . . .      Spirit   .   b - +0 scale mail
rPois   .          Reflect  .   (helmet restricted)
rElec   .          Harm     .   (no cloak)
rCorr   .          Rampage  .   h - +0 pair of gloves
Will    .....                   (no boots)
Stlth   ..........              (no amulet)
HPRegen 0.15/turn               p - ring of see invisible
MPRegen 0.09/turn               (no ring)

@: mighty, gold aura
A: horns 2, retaliatory headbutt, cold resistance 1, shaggy fur 1
a: Renounce Religion, Potion Petition, Call Merchant, Bribe Branch


You were on level 4 of the Dungeon.
You worshipped Gozag.
Gozag was aware of your devotion.
You visited 1 branch of the dungeon, and saw 4 of its levels.

You collected 461 gold pieces.

Inventory:

Hand Weapons
 a - a +0 flail (weapon)
 x - a +4 rapier
Missiles
 e - 7 poisoned darts
 o - 6 boomerangs (quivered)
Armour
 b - a +0 scale mail (worn)
 c - a +0 buckler (worn)
 h - a +0 pair of gloves (worn)
Jewellery
 p - a ring of see invisible (left hand)
 r - a ring of fire
Scrolls
 i - a scroll of silence {unknown}
 k - a scroll of acquirement {unknown}
 m - 2 scrolls of blinking {unknown}
 s - a scroll of amnesia {unknown}
 v - a scroll of magic mapping {unknown}
 w - a scroll of brand weapon {unknown}
 y - a scroll of poison {unknown}
Potions
 g - a potion of mutation
 j - 2 potions of ambrosia
 n - a potion of curing
 q - a potion of haste
 t - a potion of lignification
 u - a potion of brilliance
 z - a potion of invisibility


   Skills:
 + Level 4.8 Fighting
 + Level 4.0 Maces & Flails
 + Level 4.7 Armour
 + Level 4.7 Shields


You had 4 spell levels left.
You didn't know any spells.
Your spell library contained the following spells:

 Spells                   Type           Power      Damage    Failure   Level
 Stone Arrow              Conj/Erth      0%         3d7       99%         3
 Tukima's Dance           Hex            0%         N/A       99%         3
 Vampiric Draining        Necr           0%         2d6       99%         3
 Anguish                  Hex/Necr       0%         N/A       100%        4
 Animate Armour           Summ/Erth      0%         N/A       100%        4
 Dispel Undead            Necr           0%         3d6       100%        4
 Passage of Golubria      Tloc           0%         N/A       100%        4
 Alistair's Intoxication  Tmut/Pois      0%         N/A       100%        5
 Yara's Violent Unravell  Hex/Tmut       0%         3d3       100%        5
 Lehudib's Crystal Spear  Conj/Erth      0%         10d2      100%        8


Dungeon Overview and Level Annotations

Branches:
Dungeon (4/15)
 Temple: D:4-7

Altars:
Gozag
Nemelex Xobeh


Innate Abilities, Weirdness & Mutations

You have a pair of horns on your head.
You reflexively headbutt those who attack you in melee.
Your flesh is cold resistant. (rC+)
You are covered in fur. (AC +1)


Message History

Beogh smites you!
You sock the hobgoblin!
You kill the hobgoblin!
A hound comes into view.
An orc comes into view. It is wielding a +0 whip.
The orc shouts!
The hound barks!
The orc priest looks satisfied for a moment.
An orc priest comes into view. It is wielding a +0 mace.
You barely miss the orc priest. Your headbutt misses the orc priest.
The orc priest hits you but does no damage.
You sock the orc priest!
The orc priest is severely wounded.
An orc wizard comes into view. It is wielding a +0 dagger.
The orc priest hits you with a +0 hand axe.
The orc barely misses you. You furiously retaliate!
You headbutt the orc!
You kill the orc!
You closely miss the orc priest.
The orc priest is severely wounded.
The orc wizard shouts!
The hound bites you.
The orc priest invokes the aid of Beogh against you.
Beogh smites you!
* * * LOW HITPOINT WARNING * * *
The orc priest hits you but does no damage.
The hound bites you.
* * * LOW HITPOINT WARNING * * *
You feel much better.
The orc priest calls down the wrath of Beogh upon you.
Beogh smites you!
* * * LOW HITPOINT WARNING * * *
You block the hound's attack.
You feel very mighty all of a sudden. The hound bites you.
* * * LOW HITPOINT WARNING * * *
The orc priest hits you with a +0 mace.
* * * LOW HITPOINT WARNING * * *
The orc priest mumbles some strange prayers to Beogh against you.
Pain shoots through your body!
You die...
Your body crumbles into a pile of gold.

..... ....# >...# ##
....# #.. .
....#########.####
#.. .................
..
....#.#######.#'###o#
....#.# #.....o..#
....#.# #....@o..#
....#.# #.$...h..#
.####.# #........# .#
#.######.......## .#
#......'........# .#
########...?...... .#
#........... ##
#........... #
#####......


You could see a hound, 2 orc priests and an orc wizard.

Vanquished Creatures
  A jelly (D:4)
  Jessica (D:3)
  An orc wizard (D:3)
  3 adders (D:2)
  5 orcs
  3 ball pythons
  2 endoplasms (D:1)
  2 giant cockroaches
  2 goblins
  2 hobgoblins
  2 jackals (D:2)
  4 quokkas
  9 bats
  6 frilled lizards
  10 kobolds
  6 rats
59 creatures vanquished.

Notes
Turn   | Place    | Note
-------+----------+-------------------------------------------
     0 | D:1      | Destapler the Minotaur Fighter began the quest for the Orb.
     0 | D:1      | Reached XP level 1. HP: 19/19 MP: 0/0
   350 | D:1      | Reached XP level 2. HP: 27/27 MP: 1/1
   390 | D:1      | Found a faded altar of an unknown god.
   437 | D:1      | Prayed at the altar of an unknown god.
   437 | D:1      | Became a worshipper of Gozag Ym Sagoz the Greedy
  1090 | D:2      | Reached XP level 3. HP: 33/33 MP: 2/2
  1430 | D:2      | Identified the +2 pair of gloves of the Maze {Rampage}
  1480 | D:2      | Got the Volume of Blasphemous Deeds and Shapeshifting
  1799 | D:3      | Found a sparkling altar of Nemelex Xobeh.
  1911 | D:3      | Reached XP level 4. HP: 36/40 MP: 3/3
  1981 | D:3      | Noticed Jessica
  1986 | D:3      | Killed Jessica
  2182 | D:3      | Identified the +4 falchion of the Endless March {vorpal,
                  | rN++ Dex-2}
  2800 | D:4      | Reached XP level 5. HP: 45/47 MP: 4/4
  2886 | D:4      | Gained mutation: You are covered in fur. (AC +1) [potion of
                  | mutation]
  2886 | D:4      | Gained mutation: Your flesh is cold resistant. (rC+)
                  | [potion of mutation]
  2948 | D:4      | Killed from afar by an orc priest

Illustrated notes

Levels and vault maps discovered:
D:1:      erik_arrival_blinker_ship, layout_loops_ring,
          shapermc_ecumenical_altar_ellora
D:2:      layout_basic, corner_web_ring, minmay_misc_feat_iff
D:3:      layout_loops_corners, nemelex_xobeh_ov_fountains_minmay, uniq_jessica
D:4:      layout_basic, minmay_misc_feat_more_columns, st_stairs_3

Skill      XL: |  1  2  3  4 |
---------------+-------------+-----
Fighting       | 4 |  4.8
Armour         | 4 |  4.7
Shields        | 4 |  4.7
Maces & Flails | 3 4 |  4.0

Action                   |  1- 3 |  4- 6 || total
-------------------------+-------+-------++-------
Melee: Flail             |    91 |    38 ||   129
       Headbutt          |    10 |     5 ||    15
Throw: Boomerang         |       |     4 ||     4
  Use: Scroll            |       |     7 ||     7
       Potion            |       |     3 ||     3
Armor: Scale mail        |    60 |    28 ||    88
Dodge: Dodged            |    46 |    24 ||    70
Block: Buckler           |    23 |    12 ||    35

Table legend: (Time is in decaauts)
 A = Elapsed time spent in this place.
 B = Non-inter-level travel time spent in this place.
 C = Inter-level travel time spent in this place.
 D = Time resting spent in this place.
 E = Time spent auto-exploring this place.
 F = Levels seen in this place.
 G = Mean time per level.
                   A        B        C        D        E       F      G
               +--------+--------+--------+--------+--------+-----+--------+
         Total |   2984 |   2864 |    120 |     63 |   2369 |   4 |  746.0 |
       Dungeon |   2984 |   2864 |    120 |     63 |   2369 |   4 |  746.0 |
               +--------+--------+--------+--------+--------+-----+--------+

Top non-repeatable levels by time:
     D:3: 1055 daAuts
     D:1: 925 daAuts
     D:2: 837 daAuts
     D:4: 166 daAuts
